| TOP OF THE 1ST |
|
Mississippi State University Bulldogs batting - Pitching for University of Southern California Trojans : RHP Aaron Haver
|
|
Pitching: RHP Tyshawn Calvin
|
|
|
Batting: SHB Shou-xin Ouyang
|
0-0: Called Strike 0-1: Foul Ball, location: 2F 0-2: Fly out, F7 (Flyball, 7, EV 97.5 MPH)
|
|
Batting: RHB Cody Ammann
|
0-0: Foul Ball, location: 2F 0-1: Ground out U3 (Groundball, 34S, EV 83.1 MPH)
|
|
Batting: RHB Benito Gonzales
|
0-0: Ball 1-0: Ground out 6-3 (Groundball, P, EV 93.1 MPH)
|
| Top of the 1st over - 0 runs, 0 hits, 0 errors, 0 left on base; Mississippi State University 0 - University of Southern California 0 |
| BOTTOM OF THE 1ST |
|
University of Southern California Trojans batting - Pitching for Mississippi State University Bulldogs : RHP Leo Rivera
|
|
Pitching: RHP Leo Rivera
|
|
|
Batting: LHB Alonzo Catalan
|
0-0: Ball 1-0: Fly out, F7 (Flyball, 78S, EV 91.9 MPH)
|
|
Batting: LHB Dave Helman
|
0-0: Ground out 5-3 (Groundball, 5L, EV 79.4 MPH)
|
|
Batting: LHB Ryan Springer
|
0-0: Called Strike 0-1: Ball 1-1: Called Strike 1-2: Foul Ball, location: 2F 1-2: SINGLE (Groundball, 56D, EV 95.6 MPH)
|
|
Batting: LHB Justin Veirs
|
0-0: Ball 1-0: Swinging Strike 1-1: Foul Ball, location: 2F 1-2: Ground out 4-3 (Groundball, 34D, EV 105.6 MPH)
|
| Bottom of the 1st over - 0 runs, 1 hit, 0 errors, 1 left on base; Mississippi State University 0 - University of Southern California 0 |
| TOP OF THE 2ND |
|
Mississippi State University Bulldogs batting - Pitching for University of Southern California Trojans : RHP Tyshawn Calvin
|
|
Batting: RHB Eric Riley
|
0-0: Fly out, F6 (Popup, 6MS, EV 68.8 MPH)
|
|
Batting: RHB Josh Simmons
|
0-0: Ball 1-0: Foul Ball, location: 2F 1-1: Ball 2-1: Ball 3-1: Base on Balls
|
|
Batting: RHB Logan Strassburg
|
0-0: Called Strike 0-1: Foul Ball, location: 2F 0-2: Fielders Choice at 2nd, 6-4 (Groundball, 56, EV 82.5 MPH)
|
|
Batting: RHB Karl Lukasiewicz
|
0-0: Called Strike 0-1: Fly out, F8 (Flyball, 78D, EV 95.0 MPH)
|
| Top of the 2nd over - 0 runs, 0 hits, 0 errors, 1 left on base; Mississippi State University 0 - University of Southern California 0 |
| BOTTOM OF THE 2ND |
|
University of Southern California Trojans batting - Pitching for Mississippi State University Bulldogs : RHP Leo Rivera
|
|
Batting: LHB Rupert Broers
|
0-0: Swinging Strike 0-1: Swinging Strike 0-2: Strikes out swinging
|
|
Batting: RHB Liangde Zhou
|
0-0: Fly out, F8 (Flyball, 8RD, EV 93.1 MPH)
|
|
Batting: RHB Jeremy McAbee
|
0-0: Ball 1-0: Called Strike 1-1: Ground out 5-3 (Groundball, 56, EV 101.2 MPH)
|
| Bottom of the 2nd over - 0 runs, 0 hits, 0 errors, 0 left on base; Mississippi State University 0 - University of Southern California 0 |
| TOP OF THE 3RD |
|
Mississippi State University Bulldogs batting - Pitching for University of Southern California Trojans : RHP Tyshawn Calvin
|
|
Pitching: RHP Skyler Isbell
|
|
|
Batting: LHB Tom Ploughman
|
0-0: SINGLE (Line Drive, 34D, EV 99.4 MPH)
|
|
Batting: RHB Ryan Muldoon
|
0-0: Called Strike Tom Ploughman is caught stealing 2nd base 2-4 0-1: Ball 1-1: Foul Ball, location: 2F 1-2: Foul Ball, location: 2F 1-2: Fly out, F8 (Flyball, 8RM, EV 88.1 MPH)
|
|
Batting: SHB Shou-xin Ouyang
|
0-0: Called Strike 0-1: Ball 1-1: Swinging Strike 1-2: Ball 2-2: Ball 3-2: Ground out 6-3 (Groundball, 6, EV 100.0 MPH)
|
| Top of the 3rd over - 0 runs, 1 hit, 0 errors, 0 left on base; Mississippi State University 0 - University of Southern California 0 |
| BOTTOM OF THE 3RD |
|
University of Southern California Trojans batting - Pitching for Mississippi State University Bulldogs : RHP Leo Rivera
|
|
Pitching: RHP Randy Richardson
|
|
|
Batting: RHB Tri Kartini
|
0-0: Called Strike 0-1: Swinging Strike 0-2: Ball 1-2: Strikes out looking
|
|
Batting: SHB Noah Kelly
|
0-0: Hit by Pitch
|
|
Batting: LHB Alonzo Catalan
|
0-0: Ball 1-0: Grounds into double play, 4-6-3 (Groundball, 4, EV 87.5 MPH)
|
| Bottom of the 3rd over - 0 runs, 0 hits, 0 errors, 0 left on base; Mississippi State University 0 - University of Southern California 0 |
| TOP OF THE 4TH |
|
Mississippi State University Bulldogs batting - Pitching for University of Southern California Trojans : RHP Skyler Isbell
|
|
Pitching: LHP Jaden Peay
|
|
|
Batting: RHB Cody Ammann
|
0-0: Called Strike 0-1: Ground out U3 (Groundball, 3, EV 81.9 MPH)
|
|
Batting: RHB Benito Gonzales
|
0-0: Swinging Strike 0-1: Called Strike 0-2: Foul Ball, location: 2F 0-2: Ball 1-2: Ball 2-2: Fly out, F8 (Line Drive, 8LM, EV 95.0 MPH)
|
|
Batting: RHB Eric Riley
|
0-0: Swinging Strike 0-1: Ball 1-1: Foul Ball, location: 2F 1-2: Ground out 5-3 (Groundball, 56, EV 83.1 MPH)
|
| Top of the 4th over - 0 runs, 0 hits, 0 errors, 0 left on base; Mississippi State University 0 - University of Southern California 0 |
| BOTTOM OF THE 4TH |
|
University of Southern California Trojans batting - Pitching for Mississippi State University Bulldogs : RHP Randy Richardson
|
|
Batting: LHB Dave Helman
|
0-0: Called Strike 0-1: Ball 1-1: Ball 2-1: Fly out, F9 (Flyball, 9D, EV 101.9 MPH)
|
|
Batting: LHB Ryan Springer
|
0-0: Hit by Pitch
|
|
Batting: LHB Justin Veirs
|
0-0: Swinging Strike 0-1: Swinging Strike 0-2: Foul Ball, location: 2F 0-2: Ball 1-2: Strikes out swinging
|
|
Batting: LHB Rupert Broers
|
0-0: Called Strike 0-1: Called Strike 0-2: Strikes out swinging
|
| Bottom of the 4th over - 0 runs, 0 hits, 0 errors, 1 left on base; Mississippi State University 0 - University of Southern California 0 |
| TOP OF THE 5TH |
|
Mississippi State University Bulldogs batting - Pitching for University of Southern California Trojans : LHP Jaden Peay
|
|
Now at 2B: Jochen Schanz
|
|
|
Batting: RHB Josh Simmons
|
0-0: Ball 1-0: Ball 2-0: Foul Ball, location: 2F 2-1: Ball 3-1: Foul Ball, location: 2F 3-2: SINGLE (Flyball, 8RS, EV 101.9 MPH)
|
|
Batting: RHB Logan Strassburg
|
0-0: Ball 1-0: Foul Ball, location: 2F 1-1: Called Strike 1-2: Ball 2-2: Strikes out swinging
|
|
Batting: RHB Karl Lukasiewicz
|
0-0: Ball 1-0: Foul Ball, location: 2F 1-1: Swinging Strike 1-2: Ball 2-2: Fielders Choice at 2nd, 4-6 (Groundball, 4M, EV 81.9 MPH)
|
|
Batting: LHB Tom Ploughman
|
0-0: Ball 1-0: Foul Ball, location: 2F 1-1: Called Strike 1-2: Foul Ball, location: 2F 1-2: Foul Ball, location: 2F 1-2: SINGLE (Groundball, 34D, EV 102.5 MPH) Karl Lukasiewicz to second Runner from 2nd tries for 3rd, SAFE, throw by RF made to third
|
|
Batting: RHB Ryan Muldoon
|
0-0: Called Strike 0-1: Foul Ball, location: 2F 0-2: Strikes out swinging
|
| Top of the 5th over - 0 runs, 2 hits, 0 errors, 2 left on base; Mississippi State University 0 - University of Southern California 0 |
| BOTTOM OF THE 5TH |
|
University of Southern California Trojans batting - Pitching for Mississippi State University Bulldogs : RHP Randy Richardson
|
|
Pitching: RHP Julio Espana
|
|
|
Now at C: Oscar Vargas
|
|
|
Now at 1B: Bill Petipas
|
|
|
Now at 3B: Paulo Aubert
|
|
|
Now at SS: Jun Qing
|
|
|
Batting: RHB Liangde Zhou
|
0-0: Ball 1-0: Called Strike 1-1: Ball 2-1: Foul Ball, location: 2F 2-2: Fly out, F7 (Line Drive, 78M, EV 90.0 MPH)
|
|
Batting: RHB Jeremy McAbee
|
0-0: Called Strike 0-1: Ball 1-1: Ball 2-1: Ground out U3 (Groundball, 34, EV 94.4 MPH)
|
|
Batting: RHB Tri Kartini
|
0-0: Called Strike 0-1: Ball 1-1: Swinging Strike 1-2: Foul Ball, location: 2F 1-2: Foul Ball, location: 2F 1-2: Ball 2-2: Foul Ball, location: 2F 2-2: Ball 3-2: Strikes out looking
|
| Bottom of the 5th over - 0 runs, 0 hits, 0 errors, 0 left on base; Mississippi State University 0 - University of Southern California 0 |
| TOP OF THE 6TH |
|
Mississippi State University Bulldogs batting - Pitching for University of Southern California Trojans : LHP Jaden Peay
|
|
Pitching: RHP Reed Bauer
|
|
|
Now in CF: Brad Betterton
|
|
|
Batting: RHB Masahito Sunada
|
0-0: Ball 1-0: Swinging Strike 1-1: Swinging Strike 1-2: Ball 2-2: Foul Ball, location: 2F 2-2: Foul Ball, location: 2F 2-2: Foul Ball, location: 2F 2-2: Strikes out swinging
|
|
Pinch Hitting: RHB Jesse Hodges
|
0-0: Called Strike 0-1: Reached on error, E6 (Groundball, 6, EV 107.5 MPH)
|
|
Batting: RHB Bill Petipas
|
0-0: Ground out 4-3 (Groundball, 34, EV 78.8 MPH) Jesse Hodges to second
|
|
Batting: RHB Oscar Vargas
|
0-0: Ball 1-0: Foul Ball, location: 2F 1-1: Ball 2-1: Called Strike 2-2: Strikes out swinging
|
| Top of the 6th over - 0 runs, 0 hits, 1 error, 1 left on base; Mississippi State University 0 - University of Southern California 0 |
| BOTTOM OF THE 6TH |
|
University of Southern California Trojans batting - Pitching for Mississippi State University Bulldogs : RHP Julio Espana
|
|
Pitching: LHP Terry Sanders
|
|
|
Now in LF: Jesse Hodges
|
|
|
Batting: SHB Noah Kelly
|
0-0: Ball 1-0: Called Strike 1-1: Swinging Strike 1-2: Ball 2-2: Ball 3-2: Fly out, F8 (Flyball, 8LXD, EV 94.4 MPH)
|
|
Batting: LHB Brad Betterton
|
0-0: Called Strike 0-1: Ball 1-1: Swinging Strike 1-2: Strikes out swinging
|
|
Batting: RHB Jim Baltazar
|
0-0: Foul Ball, location: 2F 0-1: Ground out 5-3 (Groundball, 56, EV 88.1 MPH)
|
| Bottom of the 6th over - 0 runs, 0 hits, 0 errors, 0 left on base; Mississippi State University 0 - University of Southern California 0 |
| TOP OF THE 7TH |
|
Mississippi State University Bulldogs batting - Pitching for University of Southern California Trojans : RHP Reed Bauer
|
|
Now at 3B: Edwin Figueroa
|
|
|
Batting: RHB Jun Qing
|
0-0: Ball 1-0: Foul Ball, location: 2F 1-1: Foul Ball, location: 2F 1-2: Strikes out swinging
|
|
Pinch Hitting: RHB Freddie Kite
|
0-0: Ball 1-0: Called Strike 1-1: Swinging Strike 1-2: Ball 2-2: Foul Ball, location: 2F 2-2: Foul Ball, location: 2F 2-2: Fly out, F7 (Line Drive, 7LM, EV 103.8 MPH)
|
|
Batting: RHB Karl Lukasiewicz
|
0-0: SINGLE (Line Drive, 78S, EV 109.4 MPH)
|
|
Pinch Hitting: SHB Jim Rutherford
|
0-0: Called Strike 0-1: SINGLE (Line Drive, 8LS, EV 104.4 MPH) Karl Lukasiewicz to second
|
|
Pinch Hitting: RHB Jon Van Dam
|
0-0: Called Strike 0-1: Called Strike 0-2: Strikes out swinging
|
| Top of the 7th over - 0 runs, 2 hits, 0 errors, 2 left on base; Mississippi State University 0 - University of Southern California 0 |
| BOTTOM OF THE 7TH |
|
University of Southern California Trojans batting - Pitching for Mississippi State University Bulldogs : LHP Terry Sanders
|
|
Pitching: RHP Chris Pearson
|
|
|
Now at 2B: Jim Rutherford
|
|
|
Now at 3B: Jun Qing
|
|
|
Now at SS: Freddie Kite
|
|
|
Now in RF: Toshinori Shimabukuro
|
|
|
Pinch Hitting: SHB Dave Montoya
|
0-0: DOUBLE (Line Drive, 9LM, EV 110.6 MPH)
|
|
Pinch Hitting: LHB John Rumbolt
|
0-0: SINGLE (Groundball, 34D, EV 98.8 MPH) Dave Montoya to third
|
|
Pinch Hitting: RHB Santiago Romero
|
0-0: Ball 1-0: Called Strike 1-1: Foul Ball, location: 2F 1-2: Foul Ball, location: 2F 1-2: Foul Ball, location: 2F 1-2: Strikes out swinging
|
|
Pinch Hitting: LHB Roger Kean
|
0-0: Ball 1-0: Foul Ball, location: 2F Squeeze bunt is on, Dave Montoya is out 1-2: Strikes out looking
|
| Bottom of the 7th over - 0 runs, 2 hits, 0 errors, 1 left on base; Mississippi State University 0 - University of Southern California 0 |
| TOP OF THE 8TH |
|
Mississippi State University Bulldogs batting - Pitching for University of Southern California Trojans : RHP Reed Bauer
|
|
Pitching: LHP Eric Rosenstein
|
|
|
Now at 1B: Eric Baker
|
|
|
Now at 2B: Joey Fields
|
|
|
Now in LF: Alberto Reyes
|
|
|
Now in RF: George Hillock
|
|
|
Batting: RHB Masahito Sunada
|
0-0: Called Strike 0-1: Ball 1-1: Foul Ball, location: 2F 1-2: Ball 2-2: Foul Ball, location: 2F 2-2: SINGLE (Groundball, 5D, EV 111.2 MPH)
|
|
Batting: RHB Jesse Hodges
|
0-0: SINGLE (Line Drive, 78S, EV 103.8 MPH) Masahito Sunada to second
|
|
Batting: RHB Bill Petipas
|
0-0: Grounds into double play, 5-4-3 (Groundball, 5, EV 107.5 MPH) Masahito Sunada to third
|
|
Batting: RHB Oscar Vargas
|
0-0: Ball 1-0: Ball 2-0: Ball 3-0: Base on Balls
|
|
Batting: RHB Jun Qing
|
0-0: Ball 1-0: Ball 2-0: Ball 3-0: Called Strike 3-1: Swinging Strike 3-2: Foul Ball, location: 2F 3-2: Strikes out swinging
|
| Top of the 8th over - 0 runs, 2 hits, 0 errors, 2 left on base; Mississippi State University 0 - University of Southern California 0 |
| BOTTOM OF THE 8TH |
|
University of Southern California Trojans batting - Pitching for Mississippi State University Bulldogs : RHP Chris Pearson
|
|
Pitching: RHP Antonio Ramirez
|
|
|
Pinch Hitting: RHB John Sandberg
|
0-0: Swinging Strike 0-1: Ball 1-1: Ball 2-1: Ground out 4-3 (Groundball, 4, EV 83.8 MPH)
|
|
Batting: RHB Edwin Figueroa
|
0-0: Ball 1-0: Foul Ball, location: 2F 1-1: Called Strike 1-2: Ball 2-2: Strikes out looking
|
|
Pinch Hitting: RHB Ashley Shepherd
|
0-0: Ball 1-0: Ground out 6-3 (Groundball, 6, EV 103.1 MPH)
|
| Bottom of the 8th over - 0 runs, 0 hits, 0 errors, 0 left on base; Mississippi State University 0 - University of Southern California 0 |
| TOP OF THE 9TH |
|
Mississippi State University Bulldogs batting - Pitching for University of Southern California Trojans : LHP Eric Rosenstein
|
|
Pitching: LHP Bryce Brimhall
|
|
|
Now at C: Bobby Basoco
|
|
|
Now at SS: John Sandberg
|
|
|
Batting: RHB Freddie Kite
|
0-0: Ball 1-0: Ball 2-0: Ball 3-0: Called Strike 3-1: SINGLE (Groundball, 34D, EV 94.4 MPH)
|
|
Batting: RHB Karl Lukasiewicz
|
0-0: Called Strike Freddie Kite is caught stealing 2nd base 2-4 0-1: Swinging Strike 0-2: Fly out, F3 (Line Drive, 34, EV 73.8 MPH)
|
|
Pinch Hitting: RHB Rich Martinez
|
0-0: Foul Ball, location: 2F 0-1: Swinging Strike 0-2: Ball 1-2: Strikes out swinging
|
| Top of the 9th over - 0 runs, 1 hit, 0 errors, 0 left on base; Mississippi State University 0 - University of Southern California 0 |
| BOTTOM OF THE 9TH |
|
University of Southern California Trojans batting - Pitching for Mississippi State University Bulldogs : RHP Antonio Ramirez
|
|
Pitching: RHP Jeff Shedd
|
|
|
Now at 2B: Jay Britz
|
|
|
Batting: LHB Brad Betterton
|
0-0: Called Strike 0-1: DOUBLE (Line Drive, 7LD, EV 111.2 MPH)
|
|
Batting: RHB Jim Baltazar
|
0-0: Ball 1-0: Ground out 1-3 (Groundball, 13S, EV 73.8 MPH) Brad Betterton to third
|
|
Batting: RHB Eric Baker
|
0-0: Called Strike 0-1: Swinging Strike 0-2: Strikes out swinging
|
|
Batting: SHB George Hillock
|
0-0: Called Strike 0-1: Foul Ball, location: 2F 0-2: Strikes out swinging
|
| Bottom of the 9th over - 0 runs, 1 hit, 0 errors, 1 left on base; Mississippi State University 0 - University of Southern California 0 |
| TOP OF THE 10TH |
|
Mississippi State University Bulldogs batting - Pitching for University of Southern California Trojans : LHP Bryce Brimhall
|
|
Pitching: RHP Kyle Barraza
|
|
|
Batting: SHB Toshinori Shimabukuro
|
0-0: Ball 1-0: DOUBLE (Line Drive, 89D, EV 112.5 MPH)
|
|
Batting: LHB Tim Johnson
|
0-0: Intentional Walk
|
|
Batting: RHB Jesse Hodges
|
0-0: Fly out, F9 (Line Drive, 9D, EV 106.9 MPH) Runner from 2nd tags up, SAFE at 3rd, no throw by RF
|
|
Batting: RHB Bill Petipas
|
0-0: Fielders Choice at 2nd, 4-6 (Groundball, 4, EV 103.1 MPH) Toshinori Shimabukuro scores
|
|
Batting: RHB Oscar Vargas
|
0-0: Called Strike 0-1: Ball 1-1: Ball 2-1: Foul Ball, location: 2F 2-2: Ground out 5-3 (Groundball, 56, EV 100.0 MPH)
|
| Top of the 10th over - 1 run, 1 hit, 0 errors, 1 left on base; Mississippi State University 1 - University of Southern California 0 |
| BOTTOM OF THE 10TH |
|
University of Southern California Trojans batting - Pitching for Mississippi State University Bulldogs : RHP Jeff Shedd
|
|
Pitching: LHP Josh Doyle
|
|
|
Pinch Hitting: SHB Mhelter Daulong
|
0-0: Called Strike 0-1: Ball 1-1: Swinging Strike 1-2: Strikes out looking
|
|
Batting: RHB Joey Fields
|
0-0: Foul Ball, location: 2F 0-1: Swinging Strike 0-2: Ball 1-2: SINGLE (Line Drive, 78S, EV 96.2 MPH)
|
|
Batting: RHB John Sandberg
|
0-0: Ball 1-0: Ball 2-0: Called Strike 2-1: Ball 3-1: Base on Balls Joey Fields to second
|
|
Batting: RHB Edwin Figueroa
|
0-0: Called Strike 0-1: Ball 1-1: Swinging Strike 1-2: Strikes out swinging
|
|
Batting: RHB Bobby Basoco
|
0-0: Ball 1-0: Called Strike 1-1: Called Strike 1-2: Strikes out swinging
|
| Bottom of the 10th over - 0 runs, 1 hit, 0 errors, 2 left on base; Mississippi State University 1 - University of Southern California 0 |
|